 Dungeon Sprint DCSS version 0.31-a0-1278-g11c5b68f87 (webtiles) character file.

Game seed: 621529370269497330

3 bmb222 the Grave Robber (level 1, -6/13 HPs)
             Began as a Mummy Necromancer on Dec 17, 2023.
             Mangled by a human (8 damage)
             ... in the Dungeon (Sprint III: "The Ten Rune Challenge").
             The game lasted 00:00:23 (118 turns).

bmb222 the Grave Robber (Mummy Necromancer)          Turns: 118, Time: 00:00:24

Health: -6/13      AC:  2    Str: 11    XL:     1   Next: 41%
Magic:  0/4        EV: 12    Int: 14    God:
Gold:   0          SH:  0    Dex: 12    Spells: 4/5 levels left

rFire   x . .        c - +0 flail
rCold   + . .        (no shield)
rNeg    + + +        a - +0 robe
rPois   ∞            (no helmet)
rElec   .            (no cloak)
rCorr   .            (no gloves)
SInv    .            (no boots)
Will    .....        (no amulet)
Stlth   ++           (no ring)
HPRegen 0.22/turn    (no ring)
MPRegen 0.09/turn

%: no teleportation, faith
@: no status effects
A: cold resistance 1, negative energy resistance 3, torment resistance 2, heat
vulnerability 1, in touch with death 1, no potions, faith
a: no special abilities


You were in the Dungeon.
You visited 1 branch

Inventory:

Hand Weapons
 c - a +0 flail (weapon)
Armour
 a - a +0 robe (worn)
Scrolls
 b - a scroll of blinking
 d - a scroll of identify {unknown}


   Skills:
 + Level 1.7 Dodging
 + Level 1.6 Stealth
 + Level 2.9 Spellcasting
 + Level 4.8 Necromancy


You had 4 spell levels left.
You knew the following spells:

 Your Spells              Type           Power      Damage    Failure   Level
a - Necrotise             Necr           92%        1d8       3%          1

Your spell library contained the following spells:

 Spells                   Type           Power      Damage    Failure   Level
 Vampiric Draining        Necr           23%        2d7       9%          3
 Animate Dead             Necr           23%        N/A       30%         4
 Agony                    Necr           23%        N/A       63%         5


Dungeon Overview and Level Annotations

Branches:
Dungeon (1/1)

Altars:


Innate Abilities, Weirdness & Mutations

You are immune to poison.
Your flesh is cold resistant. (rC+)
You are immune to negative energy. (rN+++)
You are immune to unholy pain and torment.
You are vulnerable to heat. (rF-)
You are in touch with the powers of death.
You do not drink.
You have a special connection with the divine. (Faith)


Message History

You are out of magic!
You are out of magic!
You closely miss the human.
The human is heavily wounded.
The human hits you.
You miss the human.
The human is heavily wounded.
The human barely misses you. The human hits you.
You closely miss the human. Your punch misses the human.
The human is heavily wounded.
The human hits you!
Ouch! That really hurt!
* * * LOW HITPOINT WARNING * * *
The human attacks as it pursues you! The human misses you.
You are too injured to fight recklessly!
Casting: Necrotise (safe; 3% risk of failure)
Confirm with . or Enter, or press ? or * to list all spells.
Aiming: Necrotise (safe; 3% risk of failure)
Press: ? - help, Shift-Dir - straight line, f/p - human
Aim: a human (heavily wounded, chance to affect: 81%)
You feel a surge of power!
The human writhes in agony.
The human hits you.
* * * LOW HITPOINT WARNING * * *
Unknown command.
Okay, then.
There is an open door here.
There is an open door here.
The human attacks as it pursues you! The human hits you.
* * * LOW HITPOINT WARNING * * *
Casting: Necrotise (safe; 3% risk of failure)
Confirm with . or Enter, or press ? or * to list all spells.
Aiming: Necrotise (safe; 3% risk of failure)
Press: ? - help, Shift-Dir - straight line, f/p - human
Aim: a human (heavily wounded, chance to affect: 81%)
You feel a surge of power!
The human writhes in agony!
The human closely misses you.
You barely miss the human.
The human is severely wounded.
The human barely misses you. The human hits you!
Ouch! That really hurt!
You die...

▓▓▓▓ ▓<.# ▓..#
▓#'#### ▓.....#
▓..@..#...~~♣♣♣
▓...p.#..~~~~.♣♣
▓####'#..~≈≈~~~♣.
▓.....#.~~≈~~~...
▓.....#.~≈~~~....
▓.....#.~~~......
▓'#####..........
▓................
▓▓▓▓▓▓▓▓▓▓▓▓▓▓▓▓▓


You could see a human.

Vanquished Creatures
  An endoplasm (D)
  3 rats (D)
4 creatures vanquished.

Notes
Turn   | Place    | Note
-------+----------+-------------------------------------------
     0 | D        | bmb222 the Mummy Necromancer began the quest for the Orb.
     0 | D        | Reached XP level 1. HP: 13/13 MP: 4/4
   118 | D        | Mangled by a human

Illustrated notes

Levels and vault maps discovered:
D:        dungeon_sprint_mu [sprint_mu_entry_forest, sprint_mu_temple_rooms,
          sprint_mu_d1_horrors, sprint_mu_d2_genie, sprint_mu_d3_branching,
          sprint_mu_orc_legion, sprint_mu_elf_gauntlet, sprint_mu_hive_nellie,
          sprint_mu_lair_fedhas, sprint_mu_vaults_butterflies,
          sprint_mu_slime_circle, sprint_mu_shoals_archi,
          sprint_mu_snake_twists, sprint_mu_blade_basic, sprint_mu_crypt_lich,
          sprint_mu_tomb_spiral, sprint_mu_vestibule_basic,
          sprint_mu_gehenna_hellfire, sprint_mu_dis_giant,
          sprint_mu_tartarus_statrot, sprint_mu_cocytus_islands, sprint_mu_zot1]

Action                     || total
---------------------------++-------
  Melee: Flail             ||     4
   Cast: Necrotise         ||    12
 Armour: Robe              ||     6
  Dodge: Dodged            ||     5

Table legend: (Time is in decaauts)
 A = Elapsed time spent in this place.
 B = Non-inter-level travel time spent in this place.
 C = Inter-level travel time spent in this place.
 D = Time resting spent in this place.
 E = Time spent auto-exploring this place.
 F = Levels seen in this place.
 G = Mean time per level.
                   A        B        C        D        E       F      G
               +--------+--------+--------+--------+--------+-----+--------+
         Total |    118 |    118 |      0 |      0 |     80 |   1 |  118.0 |
       Dungeon |    118 |    118 |      0 |      0 |     80 |   1 |  118.0 |
               +--------+--------+--------+--------+--------+-----+--------+

Top non-repeatable levels by time:
       D: 118 daAuts
